 Dungeon Crawl Stone Soup version 0.17-a0-870-gcb215c1 (webtiles) character file.

913 namelastname112 the Twirler (level 7, 38/61 HPs)
             Began as a White Draconian Gladiator on Apr 29, 2015.
             Was a Follower of Okawaru.
             Got out of the dungeon alive.
             The game lasted 00:07:59 (4914 turns).

namelastname112 the Twirler (DrGl)                  Turns: 4914, Time: 00:07:59

Health: 38/61      AC:  7    Str: 19    XL:     7   Next: 82%
Magic:  7/7        EV: 14    Int:  8    God:    Okawaru [*.....]
Gold:   225        SH:  0    Dex: 12    Spells: 0 memorised, 6 levels left

rFire  . . .     SeeInvis .     a - +0 quarterstaff
rCold  + . .     Clarity  .     (armour unavailable)
rNeg   . . .     SustAb   .     (no shield)
rPois  .         Gourm    .     b - +0 hat
rElec  .         Spirit   .     e - +0 cloak
rCorr  .         Warding  .     (no gloves)
rMut   .         Stasis   .     (no boots)
MR     .....                    w - amulet of rage
Stlth  ++........               C - ring of invisibility
                                k - ring of stealth

@: not resistant to hostile enchantments, unstealthy
A: breathe frost, unfitting armour, cold resistance 1, cold-blooded, AC +6
a: Breathe Frost, Heroism, Renounce Religion, Evoke Berserk Rage, Evoke
Invisibility


You escaped.
You worshipped Okawaru.
Okawaru was aware of your devotion.
You were near starving.

You visited 1 branch of the dungeon, and saw 5 of its levels.

You collected 225 gold pieces.

Inventory:

Hand weapons
 a - a +0 quarterstaff (weapon)
Missiles
 c - 3 throwing nets (quivered)
Armour
 b - a +0 hat (worn)
 e - a +0 cloak (worn)
Jewellery
 k - a ring of stealth (left hand)
 m - an uncursed amulet of resist mutation
 w - an amulet of rage (around neck)
 C - a ring of invisibility (right hand)
Scrolls
 n - 2 scrolls of immolation {unknown}
 o - 2 scrolls of noise {unknown}
 p - a scroll of fog {unknown}
 q - 3 scrolls of identify {unknown}
 r - 2 scrolls of teleportation {unknown}
 x - 3 scrolls of remove curse
 y - a scroll of enchant weapon {unknown}
Potions
 f - 2 potions of resistance
 g - a potion of might
 i - a potion of agility {unknown}
 l - a potion of haste {unknown}
 s - a potion of invisibility {unknown}
 t - 3 potions of curing {unknown}
 u - a potion of degeneration {unknown}
 z - a potion of cure mutation {unknown}
 A - a potion of lignification {unknown}
Books
 v - a book of Hinderance

   Spells                             Type                      Level
   a - Confusing Touch                Hexes                        2
   b - Confuse                        Hexes                        3
   c - Gell's Gravitas                Hexes/Translocation          3
   d - Petrify                        Transmutation/Earth          4
   e - Metabolic Englaciation         Hexes/Ice                    5
   f - Summon Mana Viper              Hexes/Summoning              5
Comestibles
 d - 5 bread rations
 h - a slice of pizza
 j - 3 fruits


   Skills:
 + Level 5.4 Fighting
 * Level 7.1 Staves
 - Level 1.7 Throwing
 + Level 4.7 Dodging


You had 6 spell levels left.
You didn't know any spells.

Dungeon Overview and Level Annotations

Branches:
Dungeon (5/15)             Temple (0/1) D:4

Altars:
Ashenzari
Okawaru
Trog


Innate Abilities, Weirdness & Mutations

You can breathe waves of freezing cold.
You can buffet flying creatures when you breathe cold.
Your icy white scales are hard (AC +6).
Your body does not fit into most forms of armour.
Your flesh is cold resistant.
You are cold-blooded and may be slowed by cold attacks.


Message History

You see here a club.
There is a stone staircase leading up here.
You climb upwards.
There is a stone staircase leading down here.
A bat comes into view.
The bat hits you but does no damage. The bat hits you but does no damage.
You sock the bat!
You kill the bat!
Okawaru accepts your kill.
No target in view!
No target in view!
No target in view!
There is a staircase leading out of the dungeon here.
Press: ? - help, v - describe, . - travel A metal wall.
Unknown command.
There is a staircase leading out of the dungeon here.
Are you sure you want to leave the Dungeon?
This will make you lose the game!
You have escaped!

............#.###.#.#
.#######..#.#.....#†#
..........#.#######.#
..........#.........###
.........###..##..##..#
..###.#.......##..##..#
..###.....#.##..##..###
...#......#.##..##..###
...##.#.###...##@.##..#
...##.#.......##..##..#
......#.##..##..##..###
..########..##..##(.####
### ###..##..##..)#
#..##..##...#
####........#
#########.########
#..........#


There were no monsters in sight!

Vanquished Creatures
  The ghost of namelastname112 the Twirler, an average DrGl (D:5)
  A gnoll sergeant (D:4)
  A centaur zombie (D:5)
  2 hounds
  3 orc wizards
  3 orc priests
  A crimson imp (D:5)
  An iguana (D:4)
  4 worker ants
  A hound skeleton (D:5)
  5 adders
  4 gnolls (D:4)
  An ooze (D:4)
  An adder skeleton (D:5)
  A worm (D:3)
  15 orcs
  3 ball pythons
  6 bats
  A bat skeleton (D:4)
  4 giant cockroaches
  15 hobgoblins
  2 jackals (D:2)
  3 quokkas
  A giant gecko (D:3)
  4 giant newts
  13 goblins
  A jackal skeleton (D:4)
  16 kobolds
  8 rats
122 creatures vanquished.

Notes
Turn   | Place    | Note
--------------------------------------------------------------
     0 | D:1      | namelastname112, the Draconian Gladiator, began the quest for the Orb.
     0 | D:1      | Reached XP level 1. HP: 17/17 MP: 1/1
   209 | D:1      | Reached XP level 2. HP: 22/25 MP: 2/2
   640 | D:1      | Reached XP level 3. HP: 30/30 MP: 3/3
   815 | D:2      | Found a bloodstained altar of Trog.
  1380 | D:2      | Reached skill level 4 in Staves
  1425 | D:2      | Reached XP level 4. HP: 30/37 MP: 4/4
  1819 | D:3      | Found an iron altar of Okawaru.
  1825 | D:3      | Became a worshipper of Warmaster Okawaru
  2484 | D:3      | Reached XP level 5. HP: 21/45 MP: 5/5
  3019 | D:3      | Reached skill level 5 in Staves
  3418 | D:4      | Reached XP level 6. HP: 44/52 MP: 6/6
  3461 | D:4      | Found a staircase to the Ecumenical Temple.
  4200 | D:4      | Reached skill level 6 in Staves
  4385 | D:4      | Acquired Okawaru's first power
  4385 | D:4      | Your scales start taking on a icy white colour.
  4385 | D:4      | Gained mutation: Your flesh is cold resistant. [White Draconian growth]
  4385 | D:4      | Reached XP level 7. HP: 57/60 MP: 7/7
  4462 | D:5      | Entered Level 5 of the Dungeon
  4633 | D:5      | Found a shattered altar of Ashenzari.
  4724 | D:5      | Noticed namelastname112's ghost (average DrGl)
  4749 | D:5      | Killed namelastname112's ghost
  4749 | D:5      | Reached skill level 5 in Fighting
  4749 | D:5      | Reached skill level 7 in Staves
  4914 | D:$      | Got out of the dungeon alive.

Action                   |  1- 3 |  4- 6 |  7- 9 || total
-------------------------+-------+-------+-------++-------
Melee: Quarterstaff      |   128 |   203 |    83 ||   414
 Abil: Evoke Berserk Rag |       |     2 |       ||     2
  Use: Scroll            |     2 |       |       ||     2
       Potion            |       |       |     2 ||     2
 Stab: Sleeping          |     1 |     2 |       ||     3
  Eat: Chunk             |     1 |    10 |     1 ||    12
       Fruit             |       |     1 |       ||     1
